AoeStats
← [Massa] Edo

Arena

508790112Analyzed
2v2 RM · 6d ago on Sep 24, 2026· 41m 11s· 4 players
Game mode
Random Map
Map size
Medium (4 player)
Population
200
Speed
Normal
Resources
Standard
Victory
Conquest
Starting age
Dark Age
Ending age
Imperial Age
RankedLock teamsTeams togetherTeam positionsShared explorationLock speedFull tech treeHidden civsTurbo modeCheats
Victory
Defeat
🇻🇪 Teutons · Venezuela
1680
+6
🇦🇷 Georgians · Argentina
1667
+6
🇧🇷 Armenians · Brazil
1438
-6
🇧🇷 Ethiopians · Brazil
1422
-6
ROBERTO15
10:25 Feudal Age
14:14 Castle Age
12:22 Double-Bit Axe
12:32 Horse Collar
15:23 Bow Saw
21:52 Wheelbarrow
21:28 Gold Mining
21:51 Town Watch
23:11 Loom
23:39 Stone Mining
24:07 Hand Cart
27:28 Imperial Age
25:40 Scale Barding Armor
27:32 Bloodlines
27:39 Husbandry
27:53 Forging
28:25 Chain Barding Armor
27:53 Cavalier
29:53 Conscription
30:10 Plate Barding Armor
30:47 Iron Casting
30:33 Heavy Plow
31:52 Fletching
32:34 Crop Rotation
33:12 Bodkin Arrow
34:01 Bracer
34:47 Ballistics
35:18 Padded Archer Armor
36:19 Chemistry
36:15 Parthian Tactics
36:16 Heavy Cavalry Archer
37:26 Conscription
38:03 Stone Shaft Mining
38:20 Coinage
39:51 Banking
39:32 Guilds
39:23 Elite Skirmisher
41:46 Leather Archer Armor
burneR
5:59 Loom
8:23 Feudal Age
9:00 Double-Bit Axe
11:31 Fletching
19:47 Town Watch
22:32 Castle Age
20:33 Horse Collar
22:22 Scale Barding Armor
22:56 Gold Mining
23:07 Bodkin Arrow
23:43 Bloodlines
27:26 Bow Saw
29:08 Wheelbarrow
32:08 Heavy Plow
33:56 Scale Mail Armor
38:10 Imperial Age
36:30 Forging
36:40 Chain Mail Armor
37:06 Forging
37:44 Hand Cart
37:43 Squires
39:38 Plate Mail Armor
41:18 Chain Barding Armor
tg
10:24 Feudal Age
9:48 Loom
14:57 Double-Bit Axe
19:04 Castle Age
20:09 Fletching
26:12 Pikeman
26:54 Horse Collar
30:25 Scale Mail Armor
29:47 Halberdier
39:08 Bodkin Arrow
[Massa] Edo
9:39 Feudal Age
10:48 Double-Bit Axe
13:08 Castle Age
11:50 Horse Collar
15:57 Bow Saw
17:38 Loom
21:16 Wheelbarrow
23:42 Heavy Plow
23:33 Gold Mining
28:03 Imperial Age
25:59 Ballistics
26:18 Gold Shaft Mining
25:46 Fletching
25:56 Padded Archer Armor
27:09 Murder Holes
27:28 Bodkin Arrow
27:48 Leather Archer Armor
29:05 Conscription
28:07 Crossbowman
28:48 Bracer
29:51 Chemistry
29:01 Thumb Ring
30:21 Ring Archer Armor
29:14 Arbalester
30:00 Halberdier
30:40 Squires
30:26 Arson
30:42 Scale Mail Armor
30:52 Forging
32:11 Chain Mail Armor
33:48 Iron Casting
34:28 Plate Mail Armor
33:55 Stone Mining
35:06 Two-Man Saw
35:55 Blast Furnace
35:55 Stone Shaft Mining
35:13 Elite Skirmisher
38:38 Hand Cart
Connection lost

Rejoining the realm…

Still unreachable

The connection could not be restored.

Session expired

The server has moved on; the page needs a fresh start.